 Dungeon Crawl Stone Soup version 0.27-a0-906-g0a00ce8 (webtiles) character file.

Game seed: 2433181652775775114

24 GeorgeSoros the Grasshopper (level 3, -1/30 HPs)
             Began as a Ghoul Warper on Apr 6, 2021.
             Slain by a water moccasin (9 damage)
             ... on level 2 of the Dungeon.
             The game lasted 00:02:38 (918 turns).

GeorgeSoros the Grasshopper (Ghoul Warper)           Turns: 918, Time: 00:02:38

Health: -1/30      AC:  3    Str: 14    XL:     3   Next: 2%
Magic:  4/4        EV: 11    Int:  9    God:
Gold:   0          SH:  0    Dex:  8    Spells: 5/5 levels left

rFire    . . .     SeeInvis .     - Unarmed
rCold    + . .     Faith    .   (no shield)
rNeg     + + +     Spirit   .   a - +0 leather armour
rPois    ∞         Reflect  .   (no helmet)
rElec    .         Harm     .   (no cloak)
rCorr    .         Rampage  .   (no gloves)
Will     .....                  (no boots)
Stlth    +.........             (no amulet)
HPRegen  0.00/turn              (no ring)
MPRegen  0.09/turn              (no ring)

@: no status effects
A: claws 1, cold resistance 1, negative energy resistance 3, inhibited
regeneration, torment resistance 2, unbreathing 1
a: no special abilities


You were on level 2 of the Dungeon.
You visited 1 branch of the dungeon, and saw 2 of its levels.

Inventory:

Missiles
 d - a boomerang of dispersal (quivered)
Armour
 a - a +0 leather armour (worn)
Scrolls
 b - a scroll of teleportation {unknown}
 c - a scroll of blinking
 e - a scroll of fear {unknown}
 g - a scroll of enchant weapon {unknown}
 h - a scroll of vulnerability {unknown}
Potions
 f - 2 potions of flight {unknown}


   Skills:
 + Level 2.5 Fighting
 - Level 0.8 Throwing
 + Level 1.3 Armour
 + Level 2.1 Dodging
 + Level 2.5 Unarmed Combat
 - Level 1.7 Spellcasting
 + Level 2.9 Translocations


You had 5 spell levels left.
You didn't know any spells.
Your spell library contained the following spells:

 Spells                   Type           Power      Damage    Failure   Level
 Blink                    Tloc           N/A        N/A       19%         2
 Gell's Gravitas          Tloc           3%         N/A       36%         3
 Lesser Beckoning         Tloc           3%         N/A       36%         3
 Teleport Other           Tloc           6%         N/A       36%         3
 Manifold Assault         Tloc           6%         N/A       98%         5


Dungeon Overview and Level Annotations

Branches:
Dungeon (1/15)

Altars:


Innate Abilities, Weirdness & Mutations

You thrive by killing the living.
You are immune to poison.
You have sharp fingernails.
Your flesh is cold resistant. (rC+)
You are immune to negative energy. (rN+++)
You do not regenerate when monsters are visible.
You are immune to unholy pain and torment.
You can survive without breathing.


Message History

A water moccasin is nearby!
Throw: 4 boomerangs (disperse)
Press: ? - help, Q - select action Shift-Dir - straight line, f/p - water moccasin
Aim: a water moccasin (lightly wounded, 32% to hit)
You throw a boomerang of dispersal.
The boomerang of dispersal barely misses the water moccasin.
Throw: 3 boomerangs (disperse)
Press: ? - help, Q - select action Shift-Dir - straight line, f/p - water moccasin
Aim: a water moccasin (lightly wounded, 32% to hit)
You throw a boomerang of dispersal.
The boomerang of dispersal barely misses the water moccasin.
Throw: 2 boomerangs (disperse)
Press: ? - help, Q - select action Shift-Dir - straight line, f/p - water moccasin
Aim: a water moccasin (lightly wounded, 32% to hit)
You throw a boomerang of dispersal.
The boomerang of dispersal misses the water moccasin.
The water moccasin bites you.
You miss the water moccasin.
The water moccasin is lightly wounded.
The water moccasin misses you.
The water moccasin bites you but does no damage.
You barely miss the water moccasin.
The water moccasin is lightly wounded.
The water moccasin barely misses you.
You miss the water moccasin.
The water moccasin is lightly wounded.
The water moccasin bites you!
You closely miss the water moccasin.
The water moccasin is lightly wounded.
The water moccasin bites you!
* * * LOW HITPOINT WARNING * * *
The water moccasin barely misses you.
You miss the water moccasin.
The water moccasin is lightly wounded.
The water moccasin bites you.
* * * LOW HITPOINT WARNING * * *
You completely miss the water moccasin.
The water moccasin is lightly wounded.
The water moccasin bites you!
You die...

# ..
#.##
...
#.###
#..@#
###S#
#.#
#.#
#.#
..#
###


You could see a water moccasin.

Vanquished Creatures
  2 bats (D:1)
  An endoplasm (D:1)
  A giant cockroach (D:1)
  4 goblins (D:1)
  4 hobgoblins (D:1)
  A quokka (D:1)
  A ball python (D:1)
  4 frilled lizards (D:1)
  3 kobolds (D:1)
  A rat (D:1)
22 creatures vanquished.

Notes
Turn   | Place    | Note
-------+----------+-------------------------------------------
     0 | D:1      | GeorgeSoros the Ghoul Warper began the quest for the Orb.
     0 | D:1      | Reached XP level 1. HP: 17/17 MP: 2/2
    62 | D:1      | Reached skill level 1 in Armour
   249 | D:1      | Reached XP level 2. HP: 12/25 MP: 3/3
   688 | D:1      | Reached XP level 3. HP: 13/30 MP: 4/4
   906 | D:1      | You fall into a shaft and drop 1 floor!
   906 | D:2      | Noticed a water moccasin
   918 | D:2      | Slain by a water moccasin

Illustrated notes

Levels and vault maps discovered:
D:1:      dpeg_arrival_windows_large_door, layout_basic, serial_shops, shop,
          minmay_tall_x
D:2:      layout_loops_cross, shapermc_ecumenical_altar_gd, basic_altar,
          uniq_natasha, uniq_jessica

Skill      XL: |  1  2 |
---------------+-------+-----
Armour         | 1 |  1.3
Dodging        | 2 |  2.1
Fighting       | |  2.5
Throwing       | |  0.8
Unarmed Combat | |  2.5
Spellcasting   | |  1.7
Translocations | |  2.9

Action                   || total
-------------------------++-------
Melee: Unarmed           ||    86
       Punch             ||     1
Throw: Boomerang         ||     4
Armor: Leather armour    ||    18
Dodge: Dodged            ||    41

Table legend: (Time is in decaauts)
 A = Elapsed time spent in this place.
 B = Non-inter-level travel time spent in this place.
 C = Inter-level travel time spent in this place.
 D = Time resting spent in this place.
 E = Time spent auto-exploring this place.
 F = Levels seen in this place.
 G = Mean time per level.
                   A        B        C        D        E       F      G
               +--------+--------+--------+--------+--------+-----+--------+
         Total |    915 |    915 |      0 |    149 |    603 |   2 |  457.5 |
       Dungeon |    915 |    915 |      0 |    149 |    603 |   2 |  457.5 |
               +--------+--------+--------+--------+--------+-----+--------+

Top non-repeatable levels by time:
     D:1: 902 daAuts
     D:2: 12 daAuts
